 Dungeon Crawl Stone Soup version 0.31-a0-819-gf6de2f5ab6 (webtiles) character file.

Game seed: 6933862724454523305

11 Bravepunisher the Ducker (level 2, -1/16 HPs)
             Began as a Spriggan Monk on Sept 23, 2023.
             Slain by a black bear (3 damage)
             ... on level 5 of the Dungeon.
             The game lasted 00:01:48 (364 turns).

Bravepunisher the Ducker (Spriggan Monk)             Turns: 364, Time: 00:01:49

Health: -1/16      AC:  2    Str:  7    XL:     2   Next: 17%
Magic:  3/3        EV: 19    Int: 11    God:
Gold:   0          SH:  0    Dex: 17    Spells: 1/1 levels left

rFire   . . .        a - +0 short sword
rCold   . . .        d - orb {light}
rNeg    . . .        b - +0 robe
rPois   .            (helmet restricted)
rElec   .            (no cloak)
rCorr   .            (gloves unavailable)
SInv    +            (boots unavailable)
Will    .....        (no amulet)
Stlth   +            (no ring)
HPRegen 0.22/turn    (no ring)
MPRegen 0.08/turn

%: no passive effects
@: glowing, very quick
A: very small, no large weapons, unfitting armour, see invisible, speed 3
a: no special abilities


You were on level 5 of the Dungeon.
You visited 1 branch of the dungeon, and saw 5 of its levels.

Inventory:

Hand Weapons
 a - a +0 short sword (weapon)
Armour
 b - a +0 robe (worn)
 d - an orb of light (worn)
Scrolls
 f - a scroll of fog {unknown}
Potions
 c - a potion of ambrosia
 e - a potion of attraction {unknown}


   Skills:
 * Level 2.8 Fighting
 - Level 3.2 Short Blades
 + Level 4.3 Dodging


You had one spell level left.
You didn't know any spells.
Your spell library contained the following spells:

 Spells                   Type           Power      Damage    Failure   Level
 Apportation              Tloc           0%         N/A       34%         1
 Freeze                   Ice            0%         1d3       34%         1
 Sting                    Tmut/Pois      0%         1d3       34%         1


Dungeon Overview and Level Annotations

Branches:
Dungeon (5/15)
 Temple: D:4-7

Altars:

Annotations:
D:4 2 transporters, ratmeat3's ghost, novice TrFi


Innate Abilities, Weirdness & Mutations

You are very small and have problems with some larger weapons.
You are too small for most types of armour.
You have supernaturally acute eyesight. (SInv)
You cover ground extremely quickly. (Speed+++)


Message History

Found 8 gold pieces.
An adder comes into view.
The adder hisses angrily.
The adder completely misses you. The adder attacks as it pursues you!
The adder bites you but does no damage.
Found a viscous white potion.
Found a stone staircase leading down.
Found a transporter.
Found 9 gold pieces.
You hear the slow rusting of a drain very nearby.
Found a transporter.
The orc shouts!
A kobold comes into view. It is wielding a +0 club.
The kobold shouts!
The adder attacks as it pursues you! The adder completely misses you.
The kobold hits you with a +0 club.
Ratmeat3's ghost screams, "I have seen your future, and it is all used up."
A kobold comes into view. It is wielding a +0 dagger.
There is a stone staircase leading down here.
The adder bites you but does no damage. The adder closely misses you.
You climb downwards.
The black bear growls angrily.
Found a scroll labelled LAICSE LYURI.
There is a stone staircase leading up here.
Unknown command.
You hit the adder.
The adder is lightly wounded.
The adder bites you. The adder closely misses you.
You barely miss the adder. The adder completely misses you.
The adder closely misses you. The black bear barely misses you. x3
You hit the adder.
The adder is heavily wounded.
The adder bites you. The adder barely misses you. The black bear bites you.
* * * LOW HITPOINT WARNING * * *
The black bear claws you.
* * * LOW HITPOINT WARNING * * *
The black bear misses you.
You barely miss the adder. The adder misses you. The adder barely misses you.
The black bear barely misses you. The black bear closely misses you.
The black bear claws you.
You die...

#### .?..
#..#######..
#..S@S.....#
#..h######..
#... #...
..... ......
.####.. #..


You could see a black bear and 2 adders.

Vanquished Creatures
  A dart slug (D:3)
  2 endoplasms
  A goblin (D:3)
  3 ball pythons (D:3)
  A bat (D:2)
  A frilled lizard (D:3)
  A kobold (D:3)
10 creatures vanquished.

Notes
Turn   | Place    | Note
-------+----------+-------------------------------------------
     0 | D:1      | Bravepunisher the Spriggan Monk began the quest for the
                  | Orb.
     0 | D:1      | Reached XP level 1. HP: 11/11 MP: 2/2
   127 | D:3      | Got a sparkling book
   257 | D:3      | Found a faded altar of an unknown god.
   262 | D:3      | Reached XP level 2. HP: 10/16 MP: 3/3
   349 | D:4      | Found a transporter.
   349 | D:4      | Noticed ratmeat3's ghost (novice TrFi)
   351 | D:4      | Found a transporter.
   353 | D:4      | Noticed a scorpion
   360 | D:5      | Entered Level 5 of the Dungeon
   360 | D:5      | Noticed a black bear
   364 | D:5      | Slain by a black bear

Illustrated notes

Levels and vault maps discovered:
D:1:      moated_graveyard_arrival, layout_loops_corners, columned_hall_lemuel
D:2:      layout_basic, basic_altar
D:3:      layout_rooms, lemuel_crystal_altar,
          chequers_ecumenical_altar_simple_redux, minmay_fountain_box
D:4:      layout_basic, mainiacjoe_overflow_tiny_flanked, portal_sewer_entry_d,
          gammafunk_ghost_arena, uniq_crazy_yiuf_cottage
D:5:      layout_loops_ring, lemuel_coloured_pillars_altar, uniq_edmund,
          uniq_pikel

Action                     || total
---------------------------++-------
  Melee: Short sword       ||    33
 Armour: Robe              ||    16
  Dodge: Dodged            ||    27

Table legend: (Time is in decaauts)
 A = Elapsed time spent in this place.
 B = Non-inter-level travel time spent in this place.
 C = Inter-level travel time spent in this place.
 D = Time resting spent in this place.
 E = Time spent auto-exploring this place.
 F = Levels seen in this place.
 G = Mean time per level.
                   A        B        C        D        E       F      G
               +--------+--------+--------+--------+--------+-----+--------+
         Total |    246 |    246 |      0 |      4 |    122 |   5 |   49.2 |
       Dungeon |    246 |    246 |      0 |      4 |    122 |   5 |   49.2 |
               +--------+--------+--------+--------+--------+-----+--------+

Top non-repeatable levels by time:
     D:3: 116 daAuts
     D:1: 63 daAuts
     D:4: 56 daAuts
     D:2: 6 daAuts
     D:5: 3 daAuts
